 Dungeon Crawl Stone Soup version 0.28-a0-425-gd0eccab798 (webtiles) character file.

Game seed: 765871677889465565

98917 Rennog the Nimble (level 16, -21/121 HPs)
             Began as a Djinni Fire Elementalist on Sept 9, 2021.
             Was the Champion of Dithmenos.
             Killed from afar by a shock serpent (22 damage)
             ... with a bolt of electricity
             ... on level 3 of the Snake Pit.
             The game lasted 01:43:21 (30148 turns).

Rennog the Nimble (Djinni Fire Elementalist)       Turns: 30148, Time: 01:43:22

Health: -21/121    AC: 12    Str:  8    XL:     16   Next: 74%
Gold:   1515       EV: 19    Int: 22    God:    Dithmenos [******] SH:  0 Dex: 23

rFire   + + +      SeeInvis .   w - +8 lance "Wyrmbane" {slay drac, rPois rF+ rC+ AC+3}
rCold   + . .      Faith    .   (no shield)
rNeg    . . .      Spirit   .   I - +0 acid dragon scales
rPois   ∞          Reflect  .   t - +1 hat of Ufizozuf {rF- Int+3 Dex+5}
rElec   .          Harm     .   A - +0 cloak
rCorr   +          Rampage  .   f - +0 pair of gloves
Will    +....                   (boots unavailable)
Stlth   ++++......              Y - amulet "Angy" {rC+ Regen+}
HPRegen 1.30/turn               W - ring of protection from fire
MPRegen 0.00/turn               X - +4 ring of slaying

@: flying, wreathed by umbra, constricted
A: sickness immunity, fire resistance 2, cold vulnerability 1, float, innate
caster, hp casting, extra vitality 1, deformed body
a: Renounce Religion, Shadow Step, Shadow Form


You were on level 3 of the Snake Pit.
You worshipped Dithmenos.
Dithmenos was exalted by your worship.
You visited 4 branches of the dungeon, and saw 24 of its levels.
You also visited: Sewer and Gauntlet.

You collected 1548 gold pieces.
You spent 33 gold pieces at shops.

Inventory:

Hand Weapons
 w - the +8 lance "Wyrmbane" (weapon) {slay drac, rPois rF+ rC+ AC+3}
   (You found it in a Gauntlet)

   It inflicts extra damage against dragons and draconians.
   AC:        It affects your AC (+3).
   rF:        It protects you from fire.
   rC:        It protects you from cold.
   rPois:     It protects you from poison.
 K - the +5 long sword "Fonwuel" {chaos, Fly rElec Int+3 Dex+3}
   (You found it in a Gauntlet)

   Each time it hits an enemy it has a different, random effect.
   Int:       It affects your intelligence (+3).
   Dex:       It affects your dexterity (+3).
   rElec:     It insulates you from electricity.
   Fly:       It grants you flight.
Missiles
 E - a throwing net
Armour
 f - a +0 pair of gloves (worn)
 t - the +1 hat of Ufizozuf (worn) {rF- Int+3 Dex+5}
   (You acquired it on level 5 of the Lair of Beasts)

   Int:       It affects your intelligence (+3).
   Dex:       It affects your dexterity (+5).
   rF:        It makes you vulnerable to fire.
 A - a +0 cloak (worn)
 I - +0 acid dragon scales (worn)
Jewellery
 N - an amulet of regeneration
 R - a ring of ice
 S - a ring of fire
 W - a ring of protection from fire (left hand)
 X - a +4 ring of slaying (right hand)
 Y - the amulet "Angy" (around neck) {rC+ Regen+}
   (You found it in a Gauntlet)

   [amulet of regeneration]

   rC:        It protects you from cold.
   Regen:     It increases your rate of health regeneration.
Wands
 j - a wand of digging (12)
 J - a wand of paralysis (29)
 P - a wand of acid (16)
 Q - a wand of iceblast (22)
Scrolls
 h - 3 scrolls of holy word
 i - 7 scrolls of teleportation
 m - 7 scrolls of fog
 o - 3 scrolls of blinking
 q - 3 scrolls of summoning
 x - 3 scrolls of magic mapping
 y - a scroll of amnesia {unknown}
 C - 2 scrolls of immolation {unknown}
 D - a scroll of brand weapon {unknown}
 F - 4 scrolls of enchant armour
 G - a scroll of silence {unknown}
 M - 8 scrolls of enchant weapon
 O - 2 scrolls of torment {unknown}
 V - a scroll of fear {unknown}
Potions
 b - 11 potions of curing {unknown}
 e - 3 potions of haste
 g - 2 potions of degeneration {unknown}
 k - 2 potions of resistance
 l - 8 potions of heal wounds
 n - 7 potions of might {unknown}
 p - a potion of mutation {unknown}
 r - a potion of cancellation {unknown}
 u - 4 potions of flight {unknown}
 v - 5 potions of ambrosia
 z - 3 potions of berserk rage {unknown}
 B - a potion of invisibility
 H - 2 potions of lignification {unknown}
 L - 4 potions of brilliance {unknown}
 U - 2 potions of attraction {unknown}
 Z - 2 potions of experience {unknown}
Miscellaneous
 a - a box of beasts
 c - a phantom mirror
 T - a tin of tremorstones (2/2)


   Skills:
 + Level 13.4 Fighting
 - Level 9.0 Armour
 + Level 14.6 Dodging
 - Level 1.5 Stealth
 - Level 14.4 Spellcasting
 - Level 3.9 Invocations
 + Level 0.8 Evocations


You had 4 spell levels left.
You knew the following spells:

 Your Spells              Type           Power      Damage    Failure   Level
a - Foxfire               Conj/Fire      100%       2x1d9     0%          1
b - Scorch                Fire           100%       2d10      1%          2
c - Conjure Flame         Conj/Fire      68%        6-21      1%          3
d - Inner Flame           Hex/Fire       68%        N/A       1%          3
e - Flame Wave            Conj/Fire      68%        3d12      1%          4
f - Animate Skeleton      Necr           100%       N/A       0%          1
g - Wereblood             Tmut           68%        N/A       1%          2
h - Spider Form           Tmut/Pois      34%        N/A       1%          3
i - Summon Lightning Spi  Summ/Air       68%        N/A       1%          4
j - Agony                 Necr           68%        N/A       1%          5
k - Metabolic Englaciati  Hex/Ice        34%        N/A       1%          5
l - Invisibility          Hex            34%        N/A       2%          6
Your spell library was empty.

Dungeon Overview and Level Annotations

Branches:
Dungeon (14/15)            Temple (0/1) D:7            Lair (6/6) D:11
  Swamp (1/4) Lair:4        Snake (3/4) Lair:4        Slime (0/5) Lair:5
    Orc (0/2) D:10         Vaults (0/5) D:13          Sewer (visited)
Gauntlet (visited)

Altars:
Ashenzari
Cheibriados
Dithmenos
Fedhas
Kikubaaqudgha
Nemelex Xobeh
Okawaru
Qazlal
Uskayaw
Vehumet
Wu Jian
Xom
Yredelemnul
Jiyva

Shops:
D:3 ?   D:5 (**[*   D:7 ?[

Portals:
Trove: D:13 (give 13 potions of heal wounds)

Annotations:
D:14 Jorgrun
Lair:6 2 runed translucent doors


Innate Abilities, Weirdness & Mutations

You are immune to sickness and miasma.
You are immune to poison.
Your flesh is very heat resistant. (rF++)
You are vulnerable to cold. (rC-)
You float through the air rather than walking.
You learn spells naturally, not from books.
Your magical power is your life essence.
You have superior vitality. (+4 HP)
Armour fits poorly on your strangely shaped body.


Message History

The anaconda is burned terribly!
The anaconda is almost dead.
The flame wave engulfs the shock serpent!!
The shock serpent is severely wounded.
The flame wave engulfs the anaconda!
The anaconda is moderately wounded.
The shock serpent's electric aura discharges, shocking you!
You emit a cloud of dark smoke.
You hear an angry hiss.
The anaconda barely misses you. The anaconda completely misses you.
The shock serpent completely misses you.
The anaconda misses you. x3
The anaconda bites you but does no damage.
A wave of flame ripples out!
The flame wave engulfs the anaconda!
The anaconda is heavily wounded.
The flame wave engulfs the anaconda!!
The anaconda is burned terribly!
You kill the anaconda!
Dithmenos accepts your kill.
The flame wave engulfs the shock serpent!
The shock serpent is almost dead.
The flame wave engulfs the naga ritualist!!
The naga ritualist is heavily wounded.
You finish channelling waves of flame.
The shock serpent's electric aura discharges, shocking you!
You emit a cloud of dark smoke.
You hear a shout!
The naga mage spits poison at you. The splash of poison misses you.
The shock serpent closely misses you. The anaconda closely misses you.
The anaconda misses you. The shock serpent closely misses you.
The anaconda grabs you.
You stop ascending the stairs.
The anaconda bites you! The anaconda constricts you. The anaconda bites you!
* * * LOW HITPOINT WARNING * * *
The anaconda constricts you.
* * * LOW HITPOINT WARNING * * *
The shock serpent shoots out a bolt of lightning at you!
The bolt of electricity hits you!!
* * * LOW HITPOINT WARNING * * *
The bolt of electricity hits you!!
You die...

#. #. #. #.
##.#+# ## #.§..
.. #.#.§S#.#
#...N@§§#
....N.S##§.....
..)<... #####
..$.### .#. #


You could see an anaconda, a naga ritualist, a shock serpent and a naga mage
(fast).

Vanquished Creatures
  Nessos (Lair:6)
  Azrael (D:13)
  A minotaur (Gauntlet)
  A blizzard demon (Gauntlet)
  6 hydras
  A naga warrior (Snake:1)
  4 vault guards (D:13)
  7 anacondas
  7 two-headed ogres
  A tengu warrior (D:13)
  2 centaur warriors (D:13)
  5 shock serpents
  5 naga sharpshooters
  Sonja (D:11)
  9 skeletal warriors
  3 naga ritualists
  Pikel (D:6)
  A deep elf pyromancer (D:12)
  An orc knight (D:12)
  4 mana vipers
  2 manticores
  6 cyclopes
  6 ugly things
  2 salamanders
  7 elephants
  18 black mambas
  Maurice (D:13)
  A molten gargoyle (Lair:6)
  4 naga magi
  A gargoyle (D:10)
  Psyche (D:9)
  9 cane toads
  An unseen horror (D:12)
  2 tengu conjurers (D:13)
  A rime drake (Lair:3)
  6 komodo dragons
  A queen bee (D:13)
  2 polar bears (Lair:6)
  2 hornets
  5 meliai
  Prince Ribbit (D:5)
  4 blink frogs (Lair:4)
  16 dream sheep
  Sigmund (D:2)
  A shadow (D:10)
  7 basilisks
  5 wraiths
  A fire elemental (D:12)
  5 wyverns
  58 yaks
  A neqoxec (Gauntlet)
  6 vampire mosquitoes
  A chaos spawn (Gauntlet)
  11 nagas
  2 hell hounds (Lair:6)
  An acid dragon (D:7)
  9 water moccasins
  2 ice beasts
  5 orc warriors
  3 sky beasts
  A necrophage (D:7)
  3 ogres (D:5)
  19 wolves
  3 centaurs
  3 phantoms
  3 kobold brigands
  14 bullfrogs
  A wyvern zombie (D:8)
  2 troll zombies (D:10)
  28 killer bees
  4 electric eels
  A wight (D:7)
  A bullfrog zombie (D:6)
  4 howler monkeys
  2 centaur zombies
  2 centaur skeletons (D:7)
  3 jellies
  A bullfrog skeleton (D:5)
  2 orc priests
  Crazy Yiuf (D:5)
  2 gnoll shamans
  7 hounds
  3 iguanas
  6 orc wizards
  6 ogre zombies (D:10)
  A hound zombie (D:3)
  A hound skeleton (D:4)
  2 howler monkey zombies
  20 gnolls
  8 adders
  2 river rats (Sewer)
  A white imp (D:5)
  2 ufetubi (D:5)
  An adder skeleton (D:4)
  5 dart slugs
  7 worms
  17 orcs
  7 bats
  11 endoplasms
  6 giant cockroaches
  8 goblins
  7 hobgoblins
  18 jackals
  5 quokkas
  7 ball pythons
  6 frilled lizards
  2 goblin skeletons (D:10)
  A goblin zombie (D:10)
  3 hobgoblin skeletons (D:10)
  A hobgoblin zombie (D:10)
  15 kobolds
  5 orc skeletons (D:10)
  13 orc zombies (D:10)
  7 rats
  A spectral orc (D:9)
  A bush (D:14)
  A butterfly (Lair:6)
594 creatures vanquished.

Vanquished Creatures (collateral kills)
  A nagaraja (Snake:2)
  Josephine (Lair:6)
  A naga warrior (Snake:1)
  2 hydras
  2 two-headed ogres
  A tengu warrior (D:13)
  2 mana vipers
  A deep elf pyromancer (D:13)
  3 salamanders (Snake:2)
  A naga mage (Snake:2)
  A cane toad (Lair:2)
  7 yaks
  A centaur simulacrum (D:12)
  A wraith (Lair:6)
  A wyvern (Lair:6)
  4 fire elementals (D:13)
  2 steam dragons (Lair:6)
  4 nagas
  3 hell hounds
  A water moccasin (D:7)
  An orc warrior (D:7)
  An ogre (D:7)
  A centaur (D:6)
  2 wolves (Lair:3)
  2 gnoll sergeants (D:7)
  A killer bee (D:5)
  3 wights (D:7)
  4 lava snakes (Lair:6)
  A centaur zombie (D:7)
  A hound (D:7)
  An orc priest (D:7)
  A bullfrog skeleton (D:7)
  A gnoll shaman (D:7)
  An orc wizard (D:5)
  7 gnolls (D:7)
  6 orcs
  A kobold (D:7)
  26 foxfires
101 creatures vanquished.

Vanquished Creatures (others)
  An ugly thing (D:13)
  A meliai simulacrum (D:13)
  A bush (D:14)
  2 demonic plants (Gauntlet)
  2561 foxfires
  26 fungi
  11 plants
2603 creatures vanquished.

Grand Total: 3298 creatures vanquished

Notes
Turn   | Place    | Note
-------+----------+-------------------------------------------
     0 | D:1      | Rennog the Djinni Fire Elementalist began the quest for the
                  | Orb.
     0 | D:1      | Reached XP level 1. HP: 15/15 MP: 0/0
   119 | D:1      | Reached XP level 2. HP: 13/22 MP: 0/0
   802 | D:1      | Reached skill level 1 in Fighting
   802 | D:1      | Reached XP level 3. HP: 16/27 MP: 0/0
   802 | D:1      | Learned a level 1 spell: Animate Skeleton
  2252 | D:2      | Found a faded altar of an unknown god.
  2255 | D:2      | Reached XP level 4. HP: 30/32 MP: 0/0
  2264 | D:2      | Became a worshipper of Dithmenos the Shadowed
  2264 | D:2      | Reached * piety under Dithmenos
  2447 | D:2      | Noticed Sigmund
  2460 | D:2      | Killed Sigmund
  2461 | D:2      | Reached XP level 5. HP: 22/39 MP: 0/0
  2461 | D:2      | Learned a level 2 spell: Wereblood
  2461 | D:2      | Reached XP level 6. HP: 25/45 MP: 0/0
  3159 | D:3      | Found a shadowy altar of Dithmenos.
  3536 | D:3      | Found Joliniu's Magic Scroll Boutique.
  3573 | D:3      | Bought a scroll of teleportation for 33 gold pieces
  4118 | D:3      | Found a sparkling altar of Nemelex Xobeh.
  4609 | D:3      | Reached ** piety under Dithmenos
  4775 | D:3      | Found a shimmering altar of Xom.
  4822 | D:4      | Reached XP level 7. HP: 44/50 MP: 0/0
  4822 | D:4      | Learned a level 3 spell: Spider Form
  4843 | D:4      | Found a snail-covered altar of Cheibriados.
  5071 | D:4      | Found a glowing drain.
  5119 | Sewer    | Entered a sewer
  5834 | D:4      | Reached skill level 5 in Spellcasting
  5979 | D:4      | Reached *** piety under Dithmenos
  6077 | D:4      | Found a hide-covered altar of Uskayaw.
  6506 | D:5      | Entered Level 5 of the Dungeon
  6546 | D:5      | Reached XP level 8. HP: 54/58 MP: 0/0
  6806 | D:5      | Reached skill level 5 in Dodging
  6993 | D:5      | Found a blossoming altar of Fedhas.
  7248 | D:5      | Noticed Prince Ribbit
  7251 | D:5      | Killed Prince Ribbit
  7252 | D:5      | Reached skill level 5 in Fighting
  7252 | D:5      | Reached XP level 9. HP: 60/65 MP: 0/0
  7252 | D:5      | Learned a level 4 spell: Summon Lightning Spire
  7330 | D:5      | Found a runed translucent door.
  7331 | D:5      | Noticed Crazy Yiuf
  7447 | D:5      | Found Upevvui's Antique Armour Shop.
  7491 | D:5      | Found Zeomuy's General Store.
  7935 | D:5      | Found Eptadeto's General Store.
  7958 | D:5      | Found Ysosmy's Assorted Antiques.
  8091 | D:5      | Identified the +1 trident "Kaasy" {vamp, rN+ Int+4}
  8112 | D:5      | Found Jootase's Weapon Shop.
  8427 | D:5      | Killed Crazy Yiuf
  8679 | D:6      | Noticed Pikel
  8688 | D:6      | Killed Pikel
  8951 | D:6      | Reached XP level 10. HP: 61/72 MP: 0/0
  9416 | D:6      | Found an ornate altar of the Wu Jian Council.
  9630 | D:7      | Found an iron altar of Okawaru.
  9843 | D:7      | Found a stormy altar of Qazlal.
 10001 | D:7      | Reached **** piety under Dithmenos
 10513 | D:7      | Paralysed by a kobold for 6 turns
 11345 | D:7      | Found Coseg's Magic Scroll Shoppe.
 11437 | D:7      | Found a staircase to the Ecumenical Temple.
 11685 | D:7      | Found Myfokkao's Armour Emporium.
 12463 | D:8      | Reached XP level 11. HP: 61/80 MP: 0/0
 12463 | D:8      | Learned a level 5 spell: Agony
 13291 | D:9      | Found a broken altar of Ashenzari.
 13404 | D:9      | Noticed a two-headed ogre
 13471 | D:8      | Killed a two-headed ogre
 13585 | D:9      | Noticed Psyche
 13593 | D:9      | Killed Psyche
 13875 | D:9      | Noticed a two-headed ogre
 13880 | D:9      | Killed a two-headed ogre
 14059 | D:9      | Found a basalt altar of Yredelemnul.
 14242 | D:10     | Entered Level 10 of the Dungeon
 14291 | D:10     | Reached ***** piety under Dithmenos
 14688 | D:10     | Reached skill level 10 in Spellcasting
 14975 | D:10     | Found a staircase to the Orcish Mines.
 14991 | D:10     | Reached skill level 10 in Dodging
 15939 | D:11     | Noticed a skeletal warrior
 15943 | D:11     | Noticed a skeletal warrior
 15945 | D:11     | Noticed a skeletal warrior
 16395 | D:12     | Noticed a two-headed ogre
 16402 | D:12     | Killed a two-headed ogre
 16403 | D:12     | Reached skill level 1 in Invocations
 16403 | D:12     | Reached XP level 12. HP: 69/89 MP: 0/0
 16523 | D:12     | Noticed a two-headed ogre
 16531 | D:12     | Killed a two-headed ogre
 16656 | D:12     | Noticed a two-headed ogre
 16663 | D:12     | Killed a two-headed ogre
 17291 | D:13     | Noticed a two-headed ogre
 17294 | D:13     | Killed a two-headed ogre
 17347 | D:13     | Found a portal to a secret trove of treasure.
 17495 | D:13     | Noticed a tengu warrior
 17635 | D:13     | Noticed Azrael
 17878 | D:11     | Noticed a skeletal warrior
 17946 | D:11     | Noticed Sonja
 17959 | D:11     | Killed Sonja
 18014 | D:11     | Found a staircase to the Lair.
 18024 | Lair:1   | Entered Level 1 of the Lair of Beasts
 18064 | Lair:1   | You are sucked into a shaft and drop 1 floor!
 18108 | Lair:2   | Reached skill level 10 in Fighting
 18113 | Lair:2   | Reached skill level 1 in Armour
 18165 | Lair:2   | Noticed a five-headed hydra
 18170 | Lair:2   | Killed a five-headed hydra
 18171 | Lair:2   | Reached XP level 13. HP: 93/96 MP: 0/0
 18171 | Lair:2   | Learned a level 5 spell: Metabolic Englaciation
 18345 | Lair:2   | Noticed a seven-headed hydra
 18354 | Lair:2   | Killed a seven-headed hydra
 18433 | Lair:2   | Reached ****** piety under Dithmenos
 18738 | Lair:1   | Noticed an eight-headed hydra
 18744 | Lair:1   | Killed an eight-headed hydra
 20104 | Lair:3   | You are sucked into a shaft and drop 3 floors!
 20104 | Lair:6   | Entered Level 6 of the Lair of Beasts
 20233 | Lair:4   | Noticed a seven-headed hydra
 20238 | Lair:4   | Killed a seven-headed hydra
 20241 | Lair:4   | Found a gate leading to a gauntlet.
 20248 | Gauntlet | Entered a Gauntlet
 20248 | Gauntlet | Found a transporter.
 20248 | Gauntlet | Found a transporter.
 20248 | Gauntlet | Found a transporter.
 20275 | Gauntlet | Found the +8 lance "Wyrmbane" {slay drac, rPois rF+ rC+
                  | AC+3}
 20279 | Gauntlet | Found a transporter.
 20289 | Gauntlet | Found a transporter.
 20290 | Gauntlet | Noticed a blizzard demon
 20293 | Gauntlet | Found a transporter.
 20303 | Gauntlet | Found a transporter.
 20348 | Gauntlet | Found a transporter.
 20348 | Gauntlet | Found a transporter.
 20391 | Gauntlet | Found a transporter.
 20395 | Gauntlet | Found a transporter.
 20411 | Gauntlet | Found a transporter.
 20577 | Gauntlet | Gained mutation: Armour fits poorly on your strangely
                  | shaped body. [a neqoxec]
 20617 | Gauntlet | Killed a blizzard demon
 20621 | Gauntlet | Identified the amulet "Angy" {rC+ Regen+}
 20621 | Gauntlet | Noticed an ettin
 20625 | Gauntlet | Noticed an ice dragon
 20625 | Gauntlet | an ettin changed into an ice dragon
 20628 | Gauntlet | Noticed an anaconda
 20628 | Gauntlet | an ice dragon changed into an anaconda
 20636 | Gauntlet | an anaconda changed into a water nymph
 20667 | Gauntlet | Noticed a great orb of eyes
 20667 | Gauntlet | a tyrant leech changed into a great orb of eyes
 20696 | Gauntlet | a great orb of eyes changed into a goliath frog
 20701 | Gauntlet | Identified the +0 cloak of Skepticism {-Cast Str+2 Stlth+}
 20734 | Gauntlet | Noticed a minotaur
 20742 | Gauntlet | Killed a minotaur
 20753 | Gauntlet | Identified the +4 chain mail of Muttered Phrases {Stlth+}
 20753 | Gauntlet | Identified the +5 long sword "Fonwuel" {chaos, Fly rElec
                  | Int+3 Dex+3}
 20753 | Gauntlet | Identified the +0 hunting sling of Prescription {flame,
                  | *Slow Str+10 Int-4 Dex+3}
 20828 | Lair:4   | Reached XP level 14. HP: 97/105 MP: 0/0
 20847 | Lair:4   | Found a staircase to the Snake Pit.
 20964 | Lair:4   | Reached skill level 5 in Armour
 21283 | Lair:4   | Found a staircase to the Swamp.
 22722 | Lair:5   | Found a viscous altar of Jiyva.
 22722 | Lair:5   | Found a staircase to the Slime Pits.
 22913 | Lair:5   | Identified a scroll of acquirement
 22914 | Lair:5   | Acquired the +1 hat of Ufizozuf {rF- Int+3 Dex+5}
 23611 | Lair:6   | Noticed Nessos
 23621 | Lair:6   | Killed Nessos
 23923 | Lair:6   | Noticed Josephine
 23933 | Lair:6   | Killed Josephine
 24217 | Lair:6   | Found a large runed translucent door.
 24218 | Lair:6   | Found a large runed translucent door.
 24405 | Swamp:1  | Entered Level 1 of the Swamp
 24424 | Swamp:1  | Noticed a bunyip
 24428 | Swamp:1  | Reached XP level 15. HP: 112/112 MP: 0/0
 24428 | Swamp:1  | Learned a level 6 spell: Invisibility
 24548 | Snake:1  | Entered Level 1 of the Snake Pit
 25897 | D:13     | Noticed Maurice
 25905 | D:13     | Killed Maurice
 26059 | D:13     | Found a gate to the Vaults.
 26483 | D:14     | Noticed Jorgrun
 26631 | D:13     | Killed Azrael
 27123 | Snake:1  | Reached XP level 16. HP: 111/120 MP: 0/0
 29290 | Snake:2  | Noticed a nagaraja
 29600 | Snake:2  | Killed a nagaraja
 30148 | Snake:3  | HP: 1/121 [shock serpent/bolt of electricity (29)]
 30148 | Snake:3  | Killed from afar by a shock serpent

Illustrated notes

Levels and vault maps discovered:
D:1:      heliophobic_arrival_battle_scene, layout_basic,
          grunt_decor_mini_mirrors, minmay_misc_feat_diagonals,
          minmay_crystal_room
D:2:      layout_loops_cross, hellmonk_ecumenical_altar_dog_temple,
          minmay_misc_feat_roman, grunt_ministairs_3, uniq_sigmund
D:3:      kennysheep_the_goblin_king, layout_basic,
          mainiacjoe_overflow_alcove_4, tgw_xom, nicolae_dithmenos_the_darkroom,
          serial_shops, shop
D:4:      layout_basic, overflow_temple_1_default, kennysheep_mini_moat,
          cheibrodos_sewer_entry_bend
D:5:      layout_loops_ring, fedhas_altar_1, serial_shops,
          nicolae_shop_waterfront, nicolae_shop_stone, shop, shop, shop,
          uniq_crazy_yiuf_cottage, uniq_prince_ribbit1
D:6:      layout_cave_pools, mainiacjoe_overflow_chevrons,
          nicolae_overflow_hidden_temple, uniq_pikel
D:7:      layout_cave_pools, grunt_temple_overflow_open,
          minmay_temple_entry_nine_rooms, serial_gnoll_camp,
          gnoll_camp_mini_shop, gnoll_camp_mini_shop, gnoll_camp_mini_hut,
          gnoll_camp_huts_basic, grunt_decor_clamped
D:8:      layout_cave_pools
D:9:      layout_small_grid, yredelemnul_forgotten_temple_becter,
          mainiacjoe_overflow_alcove_2, uniq_psyche
D:10:     layout_cave_pools, zombieorc2_lemuel
D:11:     layout_layer_cave, lair_entry_dummy, uniq_sonja
D:12:     minmay_cornered_nines, layout_irregular_city
D:13:     layout_loops_ring, lightli_vaults_fourway_checkpoint,
          nicolae_trove_entry_columns, special_room [special_room_bee],
          uniq_maurice, uniq_azrael
D:14:     layout_cave_pods, serial_park_paths [serial_park_minivault_5x5_4],
          kennysheep_nub, nicolae_uskayaw_en_pointe, uniq_jorgrun
Lair:1:   layout_gridlike
Lair:2:   layout_long_grid, grunt_forest_small_clearing_treed
Lair:3:   layout_cave_pods, infiniplex_staircase_pool
Lair:4:   layout_layer_cave, minmay_swamp_entry_eels,
          minmay_snake_entry_guardpost_medium, gauntlet_entry_generic
Lair:5:   layout_layer_cave, slime_altar_1
Lair:6:   cheibrodos_lair_end_hotspot, layout_concentric_octagons,
          lemuel_fruit_fields, uniq_nessos, uniq_josephine
Swamp:1:  layout_basic_swamp, nicolae_swamp_big_swirl
Snake:1:  layout_chambers
Snake:2:  layout_cave_town
Snake:3:  layout_basic

Skill      XL: |  1  2  3  4  5  6  7  8  9 10 11 12 13 14 15 16 |
---------------+-------------------------------------------------+-----
Fighting       | 1 2 3 5 6 7 9 10 11 12 13 | 13.4
Spellcasting   | 3 4 5 6 7 9 10 11 12 13 14 | 14.4
Dodging        | 3 4 6 7 8 10 11 12 13 14 | 14.6
Invocations    | 1 3 |  3.9
Armour         | 1 4 6 8 9 |  9.0
Stealth        | |  1.5
Evocations     | |  0.8

Action                   |  1- 3 |  4- 6 |  7- 9 | 10-12 | 13-15 | 16-18 || total
-------------------------+-------+-------+-------+-------+-------+-------++-------
Melee: Unarmed           |     2 |     1 |     2 |     5 |       |       ||    10
       Spear             |       |       |       |    13 |       |       ||    13
       Lance             |       |       |       |       |    77 |    45 ||   122
 Cast: Foxfire           |   117 |    84 |   122 |   499 |   531 |   173 ||  1526
       Scorch            |     5 |    39 |    81 |   131 |   248 |    73 ||   577
       Wereblood         |       |     1 |     1 |     4 |     2 |       ||     8
       Conjure Flame     |       |       |     4 |       |       |       ||     4
       Summon Lightning  |       |       |     6 |    24 |    40 |    20 ||    90
       Inner Flame       |       |       |     1 |       |     3 |       ||     4
       Flame Wave        |       |       |       |    17 |    57 |    13 ||    87
       Spider Form       |       |       |       |     4 |       |       ||     4
       Agony             |       |       |       |     3 |     3 |       ||     6
       Metabolic Englaci |       |       |       |       |    17 |     6 ||    23
       Invisibility      |       |       |       |       |     1 |     1 ||     2
  Use: Scroll            |       |       |       |     2 |     9 |     5 ||    16
       Potion            |       |       |       |       |     1 |       ||     1
 Stab: Distracted        |       |       |       |       |     2 |     4 ||     6
Armor: Robe              |     3 |     4 |     4 |       |       |       ||    11
       Acid dragon scale |       |       |       |    33 |    79 |    28 ||   140
Dodge: Dodged            |    16 |    18 |    58 |   138 |   310 |   155 ||   695

Table legend: (Time is in decaauts)
 A = Elapsed time spent in this place.
 B = Non-inter-level travel time spent in this place.
 C = Inter-level travel time spent in this place.
 D = Time resting spent in this place.
 E = Time spent auto-exploring this place.
 F = Levels seen in this place.
 G = Mean time per level.
                   A        B        C        D        E       F      G
               +--------+--------+--------+--------+--------+-----+--------+
         Total |  30189 |  28068 |   2121 |   2258 |  20768 |  26 | 1161.1 |
       Dungeon |  19705 |  18343 |   1362 |   1915 |  13556 |  14 | 1407.5 |
          Lair |   6213 |   5666 |    547 |    257 |   4326 |   6 | 1035.5 |
         Swamp |     33 |     33 |      0 |      0 |     13 |   1 |   33.0 |
     Snake Pit |   3043 |   2833 |    210 |     76 |   2158 |   3 | 1014.3 |
         Sewer |    683 |    683 |      0 |      2 |    567 |   1 |  683.0 |
      Gauntlet |    509 |    509 |      0 |      8 |    148 |   1 |  509.0 |
               +--------+--------+--------+--------+--------+-----+--------+

Top non-repeatable levels by time:
     D:7: 2432 daAuts
     D:1: 1870 daAuts
 Snake:1: 1831 daAuts
    D:10: 1737 daAuts
  Lair:4: 1733 daAuts
    D:13: 1699 daAuts
     D:3: 1654 daAuts
     D:6: 1569 daAuts
     D:4: 1510 daAuts
     D:5: 1477 daAuts
     D:2: 1285 daAuts
     D:9: 1254 daAuts
  Lair:3: 1251 daAuts
 Snake:2: 1205 daAuts
    D:12: 1142 daAuts
